 Dungeon Crawl Stone Soup version 0.26-a0-597-gb535b0901c (webtiles) character file.

Game seed: 17531961405824714150

(classic levelgen) 1207 EnegeticOcto the Chopper (level 8, -2/73 HPs)
             Began as a Deep Dwarf Fighter on Aug 26, 2020.
             Was a Follower of Makhleb.
             Slain by a wyvern zombie (4 damage)
             ... on level 7 of the Dungeon.
             The game lasted 00:02:12 (2594 turns).

EnegeticOcto the Chopper (Deep Dwarf Fighter)       Turns: 2594, Time: 00:02:13

Health: -2/73      AC:  8    Str: 22    XL:     8   Next: 21%
Magic:  8/8        EV:  7    Int:  9    God:    Makhleb [*.....]
Gold:   76         SH: 11    Dex: 12    Spells: 7/7 levels left

rFire    . . .     SeeInvis .   a - +1 war axe
rCold    . . .     Faith    .   s - +1 kite shield {rN+}
rNeg     + . .     Spirit   .   b - +0 scale mail
rPois    .         Reflect  .   (no helmet)
rElec    .         Harm     .   (no cloak)
rCorr    .                      (no gloves)
MR       +....                  h - +0 pair of boots
Stlth    ..........             (no amulet)
HPRegen  0.00/turn              (no ring)
MPRegen  0.11/turn              (no ring)

@: lethally poisoned (-2 -> -5), non-regenerating, slowed, very slow
A: damage resistance, heal wounds, sense surroundings 1, no regeneration
a: Heal Wounds, Renounce Religion


You were on level 7 of the Dungeon.
You worshipped Makhleb.
Makhleb was aware of your devotion.
You visited 2 branches of the dungeon, and saw 8 of its levels.

You collected 136 gold pieces.
You spent 60 gold pieces at shops.

Inventory:

Hand Weapons
 a - a +1 war axe (weapon)
Armour
 b - a +0 scale mail (worn)
 c - a +0 kite shield
 h - a +0 pair of boots (worn)
 s - a +1 kite shield of positive energy (worn)
Wands
 n - a wand of disintegration (10)
 o - a wand of acid (6) {@v1}
Scrolls
 g - 3 scrolls of enchant weapon
 j - a scroll of blinking
 m - a scroll of immolation {unknown}
 r - a scroll of teleportation {@r3}
 t - a scroll of magic mapping {unknown}
Potions
 d - 3 potions of might {@q3}
 e - 2 potions of degeneration {unknown}
 f - 2 potions of magic
 i - a potion of haste {unknown}
 k - a potion of curing {unknown}
 l - 2 potions of stabbing {unknown}
 p - a potion of ambrosia {unknown}
 q - a potion of heal wounds {unknown}


   Skills:
 + Level 4.6 Fighting
 * Level 6.8 Axes
 + Level 5.6 Armour
 + Level 5.5 Shields
 + Level 3.9 Invocations


You had 7 spell levels left.
You didn't know any spells.
Your spell library was empty.

Dungeon Overview and Level Annotations

Branches:
Dungeon (7/15)             Temple (1/1) D:4

Altars:
Ashenzari
Cheibriados
Dithmenos
Fedhas
Hepliaklqana
Kikubaaqudgha
Makhleb
Nemelex Xobeh
Okawaru
Qazlal
Sif Muna
Trog
Xom
The Shining One

Shops:
D:5 ?!   D:6 *?}[


Innate Abilities, Weirdness & Mutations

You are resistant to damage.
You can heal yourself by infusing magical energy.
You passively map a small area around you.
You do not regenerate.


Message History

The wyvern zombie barely misses you.
An ogre comes into view. It is wielding a +0 giant club.
You block the hornet's attack. You block the sky beast's attack.
The wyvern zombie bites you but does no damage.
You slash the sky beast!
The sky beast is almost dead.
You hit the hornet. You slash the wyvern zombie!
The hornet completely misses you. You block the wyvern zombie's attack.
The sky beast hits you but does no damage.
You block the hornet's attack.
You slash the sky beast!
You kill the sky beast!
Makhleb accepts your kill.
You hit the wyvern zombie but do no damage.
You slash the hornet! The wyvern zombie barely misses you.
The hornet stings you!
You feel yourself slow down. You block the wyvern zombie's attack.
You slash the hornet!
The hornet is severely wounded.
You closely miss the worker ant.
You hit the wyvern zombie but do no damage.
You feel yourself speed up. The hornet stings you.
You feel yourself slow down. The worker ant bites you.
You block the hornet's attack.
The wyvern zombie bites you but does no damage.
The worker ant bites you but does no damage.
You block the hornet's attack. You block the wyvern zombie's attack.
You closely miss the hornet.
The hornet is severely wounded.
You barely miss the wyvern zombie. You hit the ogre but do no damage.
You slash the worker ant!
You feel yourself speed up. The hornet stings you!
You feel yourself slow down. You block the wyvern zombie's attack.
You block the worker ant's attack. The hornet stings you!
* * * LOW HITPOINT WARNING * * *
You are poisoned.
You feel as though you will be slow longer.
The ogre barely misses you. The worker ant bites you.
* * * LOW HITPOINT WARNING * * *
The hornet stings you but does no damage.
You are too injured to fight recklessly!
You are too injured to fight recklessly!
You are too injured to fight recklessly!
You are too injured to fight recklessly!
You are too injured to fight recklessly!
You are too injured to fight recklessly!
You are too injured to fight recklessly!
You are too injured to fight recklessly!
You are too injured to fight recklessly!
You are too injured to fight recklessly!
You are too injured to fight recklessly!
You are too injured to fight recklessly!
You are too injured to fight recklessly!
You are too injured to fight recklessly!
You feel much better. The worker ant closely misses you.
You block the hornet's attack. You block the quokka's attack.
You block the ogre's attack. The wyvern zombie barely misses you.
The worker ant bites you but does no damage.
The hornet stings you but does no damage.
The quokka bites you.
You feel much better. The hornet closely misses you.
The wyvern zombie bites you. You block the ogre's attack.
You block the worker ant's attack. The quokka bites you. The hornet stings you.
You feel as though you will be slow longer.
You block the wyvern zombie's attack.
The worker ant bites you but does no damage.
The quokka bites you. The ogre closely misses you.
You miss the hornet.
The hornet is severely wounded.
You hit the quokka. You hit the wyvern zombie. You slash the ogre!
You hit the worker ant.
The hornet stings you but does no damage.
You block the wyvern zombie's attack. The hornet barely misses you.
The worker ant waves its antennae.
The worker ant bites you.
You are more poisoned.
The worker ant poisons you! The quokka closely misses you.
The wyvern zombie bites you but does no damage.
You block the hornet's attack.
The ogre hits you with a +0 giant club!!
The worker ant bites you.
The quokka bites you but does no damage.
The wyvern zombie barely misses you.
You slash the worker ant!
You kill the worker ant!
Makhleb accepts your kill.
You closely miss the hornet. You miss the quokka.
You barely miss the wyvern zombie. You slash the ogre!
You block the hornet's attack. The wyvern zombie bites you!
The quokka bites you.
* * * LOW HITPOINT WARNING * * *
The hornet stings you!
* * * LOW HITPOINT WARNING * * *
You are more poisoned.
You feel as though you will be slow longer.
The ogre hits you with a +0 giant club!
* * * LOW HITPOINT WARNING * * *
You block the quokka's attack. The wyvern zombie bites you.
You die...

#...)# ...
#....##..
#....... ,#* ,
**#...... .# , *
, *#....., ...
*#....# ....
#...<##..... ,
+..O.......# *>
, *#..†@......#
* #..yrZ...... ,
..........<....
,
...............
...............
,
...............*
*
###############


You could see a hornet, an ogre, a wyvern zombie and a quokka.

Vanquished Creatures
  A sky beast (D:7)
  3 ice beasts (D:6)
  2 phantoms
  A scorpion (D:6)
  2 howler monkeys (D:6)
  A bullfrog zombie (D:5)
  An orc priest (D:4)
  A bullfrog skeleton (D:6)
  Jessica (D:2)
  A centaur skeleton (D:6)
  6 worker ants
  4 orc wizards
  4 adders
  A white imp (D:6)
  An ufetubus (D:5)
  An adder zombie (D:5)
  2 adder skeletons (D:6)
  2 worms
  3 dart slugs
  5 leopard geckos
  15 orcs
  3 bats
  3 goblins
  3 hobgoblins
  6 kobolds
  A quokka (D:6)
  A ball python (D:2)
  3 frilled lizards
  A leopard gecko skeleton (D:4)
  3 rats (D:1)
82 creatures vanquished.

Notes
Turn   | Place    | Note
-------+----------+-------------------------------------------
     0 | D:1      | EnegeticOcto the Deep Dwarf Fighter began the quest for the
                  | Orb.
     0 | D:1      | Reached XP level 1. HP: 20/20 MP: 1/1
   131 | D:1      | Reached XP level 2. HP: 24/27 MP: 2/2
   181 | D:2      | Noticed Jessica
   187 | D:2      | Killed Jessica
   187 | D:2      | Reached skill level 3 in Axes
   187 | D:2      | Reached XP level 3. HP: 29/34 MP: 3/3
   489 | D:3      | Reached XP level 4. HP: 31/42 MP: 4/4
   606 | D:4      | Found a shimmering altar of Xom.
   660 | D:4      | Reached skill level 4 in Axes
   660 | D:4      | Reached XP level 5. HP: 42/49 MP: 5/5
   742 | D:4      | Found a staircase to the Ecumenical Temple.
   776 | Temple   | Entered the Ecumenical Temple
   873 | Temple   | Became a worshipper of Makhleb the Destroyer
   967 | D:4      | Reached XP level 6. HP: 40/56 MP: 5/5
  1004 | D:4      | Reached skill level 1 in Invocations
  1061 | D:4      | Found a shadowy altar of Dithmenos.
  1142 | D:4      | Found a shattered altar of Ashenzari.
  1142 | D:4      | Found a snail-covered altar of Cheibriados.
  1142 | D:4      | Found a glowing golden altar of the Shining One.
  1292 | D:4      | Found a shadowy altar of Dithmenos.
  1349 | D:4      | Reached skill level 5 in Axes
  1407 | D:5      | Entered Level 5 of the Dungeon
  1588 | D:5      | Found a hazy altar of Hepliaklqana.
  1590 | D:5      | Found a stormy altar of Qazlal.
  1591 | D:5      | Found an ancient bone altar of Kikubaaqudgha.
  1733 | D:5      | Found Roqinur's Distillery.
  1796 | D:5      | Found Buiss's Magic Scroll Emporium.
  1799 | D:5      | Bought a scroll of teleportation for 36 gold pieces
  1799 | D:5      | Bought a scroll of identify for 24 gold pieces
  2033 | D:6      | Reached XP level 7. HP: 35/63 MP: 7/7
  2162 | D:6      | Reached * piety under Makhleb
  2162 | D:6      | Reached skill level 5 in Armour
  2162 | D:6      | Reached skill level 5 in Shields
  2165 | D:6      | Reached skill level 6 in Axes
  2191 | D:6      | Found Wesacorph's Magic Scroll Shoppe.
  2195 | D:6      | Found Yqoon's General Store.
  2195 | D:6      | Found Wuczep's Armour Shoppe.
  2198 | D:6      | Found Motehuec's Gadget Shoppe.
  2424 | D:6      | Reached XP level 8. HP: 36/73 MP: 9/9
  2581 | D:7      | Noticed a hornet
  2594 | D:7      | HP: 2/73 [ogre/+0 giant club (8)]
  2594 | D:7      | Slain by a wyvern zombie

Illustrated notes

Levels and vault maps discovered:
D:1:      lemuel_arrival_behind_the_door_small, layout_rooms,
          hangedman_decor_clover_reticule
D:2:      layout_basic, uniq_jessica
D:3:      layout_loops_cross, chequers_decorated_corner, uniq_ijyb
D:4:      layout_basic, nicolae_overflow_hidden_temple, lemuel_crystal_altar,
          minitemple, minmay_temple_entry_wispy, grunt_dithmenos_shadows
D:5:      layout_basic, grunt_temple_overflow_open, serial_shops,
          nicolae_shop_trees, kennysheep_mini_moat
D:6:      layout_loops_cross, minmay_shop_grid_forest
D:7:      layout_gridville, lemuel_crystal_altar, uniq_crazy_yiuf_cottage
Temple:   minmay_temple_curvy_loop

Skill      XL: |  1  2  3  4  5  6  7 |
---------------+----------------------+-----
Fighting       | 3 4 |  4.6
Axes           | 3 4 5 6 |  6.8
Armour         | 4 5 |  5.6
Shields        | 4 5 |  5.5
Invocations    | 2 3 |  3.9

Action                   |  1- 3 |  4- 6 |  7- 9 || total
-------------------------+-------+-------+-------++-------
Melee: War axe           |    87 |   186 |    78 ||   351
 Abil: Heal Wounds       |       |     7 |     5 ||    12
  Use: Scroll            |       |     6 |       ||     6
Armor: Scale mail        |    43 |    79 |    30 ||   152
Dodge: Dodged            |    37 |    51 |    32 ||   120
Block: Kite shield       |    64 |    83 |    57 ||   204

Table legend: (Time is in decaauts)
 A = Elapsed time spent in this place.
 B = Non-inter-level travel time spent in this place.
 C = Inter-level travel time spent in this place.
 D = Time resting spent in this place.
 E = Time spent auto-exploring this place.
 F = Levels seen in this place.
 G = Mean time per level.
                   A        B        C        D        E       F      G
               +--------+--------+--------+--------+--------+-----+--------+
         Total |   2719 |   2540 |    179 |      0 |   1785 |   8 |  339.9 |
       Dungeon |   2566 |   2443 |    123 |      0 |   1699 |   7 |  366.6 |
        Temple |    153 |     98 |     55 |      0 |     86 |   1 |  153.0 |
               +--------+--------+--------+--------+--------+-----+--------+

Top non-repeatable levels by time:
     D:4: 684 daAuts
     D:5: 616 daAuts
     D:6: 591 daAuts
     D:3: 301 daAuts
     D:1: 181 daAuts
     D:2: 173 daAuts
  Temple: 153 daAuts
     D:7: 17 daAuts
